 Dungeon Crawl Stone Soup version 0.28.0-47-ge53b351184 (webtiles) character file.

Game seed: 15655420564835500327

24212 Kniotic the Transmogrifier (level 12, -4/114 HPs)
             Began as a Demonspawn Transmuter on May 10, 2022.
             Was an Elder of Cheibriados.
             Splashed by a goliath frog's acid (9 damage)
             ... on level 6 of the Lair of Beasts.
             The game lasted 00:45:14 (20184 turns).

Kniotic the Transmogrifier (Demonspawn Transmuter) Turns: 20184, Time: 00:45:15

Health: -4/114     AC:  5    Str: 21    XL:     12   Next: 78%
Magic:  13/15      EV: 20    Int: 25    God:    Cheibriados [****..]
Gold:   751        SH:  4    Dex: 28    Spells: 5/15 levels left

rFire   x . .      SeeInvis .     - Unarmed
rCold   + + +      Faith    .   (shield currently unavailable)
rNeg    . . .      Spirit   .   (armour currently unavailable)
rPois   +          Reflect  .   (helmet currently unavailable)
rElec   .          Harm     .   (cloak currently unavailable)
rCorr   .          Rampage  .   (gloves currently unavailable)
Will    .....                   (boots currently unavailable)
Stlth   ++........              z - amulet of the acrobat
HPRegen 0.29/turn               t - +4 ring of protection
MPRegen 0.14/turn               (no ring)

@: about to teleport, ice-form, wereblooded, corroded, very slow
A: freezing attack, amphibious, boosted hp, large, (hooves 1), (large bone
plates 3), demonic guardian 2, condensation shield
a: End Transformation, Renounce Religion, Bend Time, Temporal Distortion, Slouch


You were on level 6 of the Lair of Beasts.
You worshipped Cheibriados.
Cheibriados was greatly pleased with you.
You were a creature of crystalline ice.
You visited 3 branches of the dungeon, and saw 15 of its levels.
You also visited: Sewer.

You collected 751 gold pieces.

Inventory:

Hand Weapons
 G - the +6 dagger "Eviscerator" {freeze, rElec rC++ Will+}
   (You found it on level 1 of the Lair of Beasts)

   It freezes those it strikes, dealing additional cold damage.
   It can also slow down cold-blooded creatures.
   rC:        It greatly protects you from cold.
   rElec:     It insulates you from electricity.
   Will:      It increases your willpower.
Missiles
 i - 20 poisoned darts
 s - 8 curare-tipped darts (quivered)
Armour
 e - +0 swamp dragon scales (melded)
 h - a +1 pair of gloves (melded)
 y - the -3 cloak of Hepliaklqana's Fury (melded) {+Inv Str+6}
   (You found it on level 8 of the Dungeon)

   Str:       It affects your strength (+6).
   +Inv:      It lets you turn invisible.
 A - a +2 robe of positive energy
 D - a +0 plate armour
 H - a +2 cloak
 I - a +0 hat of stealth (melded)
Jewellery
 t - a +4 ring of protection (left front paw)
 z - an amulet of the acrobat (around neck)
 E - a +6 ring of intelligence
Wands
 o - a wand of mindburst (19)
 u - a wand of flame (32)
 B - a wand of iceblast (23)
 F - a wand of acid (12)
 K - a wand of paralysis (5)
Scrolls
 a - 7 scrolls of identify
 b - 3 scrolls of enchant weapon {unknown}
 d - 4 scrolls of holy word {unknown}
 g - 2 scrolls of fog {unknown}
 j - a scroll of silence {unknown}
 m - a scroll of torment {unknown}
 n - a scroll of blinking {unknown}
 p - 2 scrolls of noise {unknown}
 q - 3 scrolls of teleportation
 v - a scroll of enchant armour {unknown}
 w - 3 scrolls of fear {unknown}
 x - 3 scrolls of amnesia {unknown}
Potions
 c - 3 potions of magic
 f - a potion of invisibility
 k - a potion of flight {unknown}
 l - 2 potions of berserk rage {unknown}
 r - 3 potions of cancellation {unknown}
 C - 2 potions of might
 J - 3 potions of curing
 L - a potion of mutation {unknown}
 M - a potion of ambrosia {unknown}


   Skills:
 + Level 9.2 Fighting
 - Level 10.5 Dodging
 - Level 6.6 Unarmed Combat
 - Level 2.0 Spellcasting
 + Level 14.5 Transmutations


You had 5 spell levels left.
You knew the following spells:

 Your Spells              Type           Power      Damage    Failure   Level
a - Beastly Appendage     Tmut           100%       N/A       1%          1
b - Wereblood             Tmut           66%        N/A       1%          2
c - Spider Form           Tmut/Pois      38%        N/A       1%          3
d - Ice Form              Ice/Tmut       38%        N/A       5%          4

Your spell library contained the following spells:

 Spells                   Type           Power      Damage    Failure   Level
 Passwall                 Tmut/Erth      31%        N/A       1%          2
 Magic Dart               Conj           8%         1d3       11%         1
 Ensorcelled Hibernation  Hex/Ice        4%         N/A       17%         2
 Searing Ray              Conj           4%         2d4       17%         2
 Ozocubu's Armour         Ice            2%         N/A       32%         3
 Swiftness                Air            2%         N/A       32%         3
 Fulminant Prism          Conj/Hex       1%         3d6       73%         4
 Metabolic Englaciation   Hex/Ice        1%         N/A       97%         5
 Simulacrum               Ice/Necr       1%         N/A       100%        6


Dungeon Overview and Level Annotations

Branches:
Dungeon (8/15)             Temple (1/1) D:7            Lair (5/6) D:8
  Swamp (0/4) Lair:2        Snake (0/4) Lair:2        Sewer (visited)
  Slime: Lair:5-6

Altars:
Ashenzari
Cheibriados
Dithmenos
Elyvilon
Fedhas
Gozag
Hepliaklqana
Makhleb
Okawaru
Qazlal
Ru
Sif Muna
Trog
Uskayaw
Vehumet
Xom
Yredelemnul
Zin
The Shining One

Shops:
D:3 :

Annotations:
D:6 3 runed translucent doors, Peloso's ghost, novice MiFi
Lair:4 exclusion: steam dragon


Innate Abilities, Weirdness & Mutations

You are a creature of crystalline ice.
You have a powerful freezing melee attack.
You are amphibious.
Your maximum health is increased.
Your armour is entirely melded.
You are incapable of wielding weapons or throwing items.
((You have large cloven feet.))
((You are completely covered in large bone plates. (SH +8)))
A demonic guardian rushes to your aid.
A meltable shield of frost defends you. (SH +4)


Message History

The vampire mosquito is severely damaged.
The blink frog hits you.
The vampire mosquito closely misses you.
The blink frog hits the plant!!
The plant begins to die.
The blink frog barely misses you.
You closely miss the vampire mosquito.
The vampire mosquito is severely damaged.
You hear an angry buzzing noise.
You hear a croak.
A vampire mosquito comes into view.
The vampire mosquito barely misses you.
Your rust devil misses the goliath frog.
The goliath frog closely misses you. The vampire mosquito barely misses you.
You block the blink frog's attack.
The vampire mosquito moves out of view.
A goliath frog comes into view.
You pummel the vampire mosquito!! You freeze the vampire mosquito.
You feel a bit better.
You destroy the vampire mosquito!
Cheibriados thoroughly appreciates the change of pace.
Cheibriados raises the support of your attributes as your movement slows.
You hear a croak.
The goliath frog misses you. The blink frog hits you!
The goliath frog barely misses you.
Your rust devil splashes around in the water.
A blink frog comes into view.
The vampire mosquito barely misses you.
As you read the scroll of teleportation, it crumbles to dust.
You feel strangely unstable.
You hear a croak.
You hear a loud, deep croak!
A nearby plant withers and dies.
The blink frog blinks!
The blink frog misses you. The goliath frog closely misses you.
The vampire mosquito closely misses you.
The goliath frog hits you from afar!
* * * LOW HITPOINT WARNING * * *
The acid corrodes you!
You are splashed with acid!
* * * LOW HITPOINT WARNING * * *
Your rust devil splashes around in the water.
The blink frog completely misses you. The goliath frog hits you from afar!
* * * LOW HITPOINT WARNING * * *
The acid corrodes you!
You are splashed with acid!
You die...

#.......# .#
#......P# ...#
##....[.# ..#.## ###
#......#
.....P##.####.P....##
≈P....P...##........#
...........P.......##
≈≈≈.≈..............#
≈≈≈≈≈4†yY†≈.......#.#
#≈≈≈≈≈F†F....P≈.#####
###≈≈≈F≈≈≈≈....≈#
#≈P≈F≈§≈≈≈P≈≈.≈#
#≈PF≈.≈≈≈PP≈≈####
#≈FP≈≈≈≈..####
≈≈≈y≈.≈#### ≈≈#####
≈≈


You could see 3 goliath frogs, 3 blink frogs, 2 vampire mosquitoes and a
friendly rust devil (summoned).

Vanquished Creatures
  Gastronok (Lair:2)
  3 hydras
  Erica (Lair:2)
  A two-headed ogre (D:7)
  A swamp dragon (Lair:2)
  8 elephants
  9 cane toads
  4 komodo dragons
  A rime drake (Lair:2)
  Grinder (D:4)
  A hornet (D:8)
  A polar bear (Lair:2)
  13 blink frogs
  2 spriggans (Lair:2)
  12 yaks
  Eustachio (D:5)
  A basilisk (Lair:4)
  A vampire mosquito (Lair:6)
  2 steam dragons
  A naga (Lair:2)
  Duvessa (D:6)
  7 water moccasins
  An ice beast (D:8)
  A necrophage (D:5)
  3 black bears
  2 ogres (D:7)
  3 sky beasts
  3 wolves (Lair:2)
  A centaur (D:8)
  2 kobold brigands
  15 bullfrogs
  2 scorpions (D:4)
  Dowan (D:6)
  A water moccasin skeleton (D:6)
  6 killer bees (D:8)
  4 wights (D:8)
  A howler monkey (D:8)
  A centaur zombie (D:4)
  3 hounds
  4 orc priests
  3 jellies
  A centaur skeleton (D:6)
  A bullfrog skeleton (D:6)
  2 iguanas (Lair:2)
  3 orc wizards
  2 killer bee zombies (D:8)
  2 howler monkey skeletons
  4 gnolls (D:3)
  13 adders
  12 river rats
  3 white imps
  An adder skeleton (D:4)
  A worm (D:2)
  3 dart slugs
  17 orcs
  7 ball pythons
  6 endoplasms
  4 giant cockroaches
  6 goblins
  6 hobgoblins
  9 jackals
  8 quokkas
  7 bats
  4 frilled lizards
  20 kobolds
  27 rats
299 creatures vanquished.

Vanquished Creatures (collateral kills)
  An elephant (Lair:2)
  A cane toad (Lair:6)
  A hornet (D:6)
  A blink frog (Lair:2)
  A basilisk (Lair:4)
  A black bear (D:4)
  An ice beast (D:6)
  A phantom (D:7)
  A scorpion (D:4)
  2 orcs
11 creatures vanquished.

Vanquished Creatures (others)
  39 fungi
  107 plants
146 creatures vanquished.

Grand Total: 456 creatures vanquished

Notes
Turn   | Place    | Note
-------+----------+-------------------------------------------
     0 | D:1      | Kniotic the Demonspawn Transmuter began the quest for the
                  | Orb.
     0 | D:1      | Reached XP level 1. HP: 15/15 MP: 3/3
   460 | D:1      | Reached skill level 2 in Transmutations
   598 | D:1      | Found a faded altar of an unknown god.
   934 | D:1      | Gained mutation: A meltable shield of frost defends you.
                  | (SH +4) [demonic ancestry]
   934 | D:1      | Reached XP level 2. HP: 21/21 MP: 5/5
  1532 | D:2      | HP: 1/21 [worm (5)]
  1898 | D:2      | Gained mutation: A weak demonic guardian rushes to your
                  | aid. [demonic ancestry]
  1898 | D:2      | Reached XP level 3. HP: 12/26 MP: 6/6
  2359 | D:2      | Reached skill level 3 in Transmutations
  2551 | D:2      | Learned a level 2 spell: Wereblood
  2572 | D:2      | Gained mutation: You are partially covered in large bone
                  | plates. (SH +4) [demonic ancestry]
  2572 | D:2      | Reached XP level 4. HP: 23/32 MP: 5/7
  3816 | D:3      | Found a burning altar of Makhleb.
  3942 | D:3      | Found Xuytwukkos's Book Shop.
  3948 | D:3      | Reached XP level 5. HP: 34/37 MP: 4/8
  4145 | D:3      | Learned a level 3 spell: Spider Form
  4177 | D:4      | Reached skill level 4 in Transmutations
  4349 | D:4      | Noticed a black bear
  4481 | D:4      | Reached XP level 6. HP: 18/43 MP: 9/9
  4815 | D:4      | HP: 1/43 [scorpion (7)]
  5210 | D:4      | Reached skill level 5 in Unarmed Combat
  5766 | D:4      | Reached skill level 5 in Transmutations
  6115 | D:4      | Noticed Grinder
  6178 | D:4      | Paralysed by Grinder for 6 turns
  6187 | D:4      | Killed Grinder
  6188 | D:4      | Gained mutation: You have large cloven feet. [demonic
                  | ancestry]
  6188 | D:4      | Reached XP level 7. HP: 32/48 MP: 10/10
  6495 | D:5      | Entered Level 5 of the Dungeon
  6496 | D:5      | Found a glowing drain.
  6610 | Sewer    | Entered a sewer
  7347 | D:5      | Noticed Eustachio
  7413 | D:5      | Found Xubo's Assorted Antiques.
  7444 | D:5      | Killed Eustachio
  7445 | D:5      | Reached skill level 6 in Transmutations
  7445 | D:5      | Gained mutation: You are mostly covered in large bone
                  | plates. (SH +6) [demonic ancestry]
  7445 | D:5      | Reached XP level 8. HP: 54/54 MP: 9/11
  7985 | D:6      | Reached skill level 10 in Transmutations
  7985 | D:6      | Gained mutation: A demonic guardian rushes to your aid.
                  | [demonic ancestry]
  7985 | D:6      | Reached XP level 9. HP: 59/59 MP: 12/12
  8085 | D:6      | Noticed Duvessa
  8099 | D:6      | Noticed Dowan
  8221 | D:6      | Killed Duvessa
  8418 | D:6      | Killed Dowan
  8969 | D:6      | Found a sacrificial altar of Ru.
  9045 | D:6      | Found a basalt altar of Yredelemnul.
  9147 | D:6      | Found a runed translucent gate.
  9147 | D:6      | Found a runed translucent gate.
  9148 | D:6      | Found a runed translucent gate.
  9148 | D:6      | Found an opulent altar of Gozag.
  9151 | D:6      | Noticed Peloso's ghost (novice MiFi)
  9262 | D:6      | Noticed a seven-headed hydra
  9263 | D:6      | Noticed a cyclops
  9277 | D:6      | Paralysed by a hornet for 3 turns
  9721 | D:6      | Learned a level 4 spell: Ice Form
 10275 | D:7      | Noticed a two-headed ogre
 10284 | D:7      | Killed a two-headed ogre
 10285 | D:7      | Reached skill level 11 in Transmutations
 10285 | D:7      | Gained mutation: You are completely covered in large bone
                  | plates. (SH +8) [demonic ancestry]
 10285 | D:7      | Reached XP level 10. HP: 30/65 MP: 8/13
 10849 | D:7      | Found a staircase to the Ecumenical Temple.
 10856 | Temple   | Entered the Ecumenical Temple
 11139 | Temple   | Became a worshipper of Cheibriados the Contemplative
 11214 | D:7      | Found an opulent altar of Gozag.
 11738 | D:8      | Reached * piety under Cheibriados
 12665 | D:8      | Found a staircase to the Lair.
 12753 | D:8      | Found a shadowy altar of Dithmenos.
 12754 | D:8      | Found a hazy altar of Hepliaklqana.
 12813 | D:8      | Identified the -3 cloak of Hepliaklqana's Fury {+Inv Str+6}
 12941 | Lair:1   | Entered Level 1 of the Lair of Beasts
 12947 | Lair:1   | Noticed a six-headed hydra
 12956 | Lair:1   | Killed a six-headed hydra
 12957 | Lair:1   | Reached skill level 10 in Dodging
 13366 | Lair:1   | Noticed a cane toad
 13370 | Lair:1   | Reached ** piety under Cheibriados
 13375 | Lair:1   | Killed a cane toad
 13440 | Lair:1   | Noticed an elephant
 13441 | Lair:1   | Noticed an elephant
 13445 | Lair:1   | Noticed a cane toad
 13446 | Lair:1   | Noticed an elephant
 13750 | Lair:1   | Identified the +6 dagger "Eviscerator" {freeze, rElec rC++
                  | Will+}
 13780 | Lair:1   | Killed an elephant
 13785 | Lair:1   | Killed an elephant
 13786 | Lair:1   | Reached XP level 11. HP: 60/70 MP: 11/14
 13794 | Lair:1   | Reached skill level 12 in Transmutations
 14838 | Lair:2   | Found a staircase to the Snake Pit.
 14989 | Lair:2   | Noticed Erica
 15655 | Lair:2   | Noticed a swamp dragon
 15691 | Lair:2   | Killed a swamp dragon
 15692 | Lair:2   | Reached skill level 5 in Fighting
 15726 | Lair:2   | Reached *** piety under Cheibriados
 15840 | Lair:2   | Reached skill level 13 in Transmutations
 15851 | Lair:2   | Noticed Gastronok
 16399 | Lair:2   | Killed Erica
 16694 | Lair:2   | Killed Gastronok
 16695 | Lair:2   | Reached XP level 12. HP: 82/89 MP: 11/15
 17008 | Lair:2   | Found a staircase to the Swamp.
 19008 | Lair:4   | Reached skill level 14 in Transmutations
 19037 | Lair:4   | Noticed a six-headed hydra
 19051 | Lair:4   | Killed a six-headed hydra
 19159 | Lair:4   | Reached **** piety under Cheibriados
 20131 | Lair:5   | You fall into a shaft and drop 1 floor!
 20131 | Lair:6   | Entered Level 6 of the Lair of Beasts
 20154 | Lair:6   | Noticed a six-headed hydra
 20164 | Lair:6   | Killed a six-headed hydra
 20184 | Lair:6   | HP: 5/114 [goliath frog (7)]
 20184 | Lair:6   | Splashed by a goliath frog's acid

Illustrated notes

Levels and vault maps discovered:
D:1:      dpeg_arrival_rooms_c, layout_basic, chequers_ecumenical_altar_grove,
          serial_forest, infiniplex_forest_clump_medium,
          infiniplex_forest_corner_2, infiniplex_forest_clump_double,
          infiniplex_forest_3_way, infiniplex_forest_end_1,
          infiniplex_forest_clump_small
D:2:      layout_basic
D:3:      layout_loops_ring, bloody_makhleb, serial_shops,
          nicolae_shop_advertising_works [nicolae_subvault_shop_adworks],
          kennysheep_donut
D:4:      layout_gridville, uniq_grinder
D:5:      layout_cave_pools, serial_shops, shop, portal_sewer_entry_a,
          serial_glass, glass_columns_a, glass_columns_a, hex_large,
          uniq_eustachio
D:6:      lemuel_ratsnest, layout_gridville, kennysheep_mini,
          mainiacjoe_overflow_chevrons, ebering_ghost_gozag,
          minmay_misc_feat_more_columns, uniq_duvessa
D:7:      layout_basic, general_overflow_altar,
          minmay_temple_entry_drinking_statues
D:8:      layout_basic, riverfiend_overflow_shadow_ancestor, lair_entry_dummy,
          special_room [special_room_orc], dk_noncrumbling_4
Temple:   oiseaux_autumnal_temple
Lair:1:   layout_chaotic_city
Lair:2:   layout_loops_ring, minmay_swamp_entry_reptiles,
          guppyfry_snake_entry_island, st_stairs_3, forest_entry_grove,
          serial_bayou_shore_b, uniq_erica, uniq_gastronok
Lair:3:   layout_regular_city
Lair:4:   layout_layer_cave
Lair:5:   layout_regular_city, slime_altar_1, chequers_serial_rivers_room_b,
          nicolae_lair_grazing_beasts [nicolae_sub_lair_graze_edge,
          nicolae_sub_lair_graze_edge, nicolae_sub_lair_graze_edge,
          nicolae_sub_lair_graze_edge]
Lair:6:   minmay_lair_end_frog_pond, layout_cellular_growth,
          serial_bayou_shore_a

Skill      XL: |  1  2  3  4  5  6  7  8  9 10 11 12 |
---------------+-------------------------------------+-----
Transmutations | 2 3 4 5 6 10 11 13 14 | 14.5
Unarmed Combat | 3 4 5 6 |  6.6
Dodging        | 8 9 10 | 10.5
Fighting       | 6 9 |  9.2
Spellcasting   | |  2.0

Action                   |  1- 3 |  4- 6 |  7- 9 | 10-12 || total
-------------------------+-------+-------+-------+-------++-------
Melee: Unarmed           |   146 |   191 |   416 |   681 ||  1434
       Punch             |     5 |     6 |    14 |    18 ||    43
       Kick              |     1 |    15 |   117 |   160 ||   293
       Headbutt          |       |     8 |    20 |    35 ||    63
Throw: Dart              |       |       |     1 |     6 ||     7
 Cast: Beastly Appendage |     1 |     5 |     7 |     8 ||    21
       Wereblood         |       |     2 |    13 |    11 ||    26
       Ice Form          |       |       |     1 |    21 ||    22
       Spider Form       |       |       |       |     1 ||     1
 Abil: End Transformatio |       |       |       |     1 ||     1
Evoke: Wand              |       |     7 |     4 |     4 ||    15
  Use: Scroll            |       |     3 |     1 |     5 ||     9
       Potion            |       |     1 |     2 |       ||     3
 Stab: Sleeping          |       |     3 |       |     3 ||     6
Armor: Robe              |    28 |    36 |    93 |     8 ||   165
       Skin              |       |       |     1 |    82 ||    83
       Ring mail         |       |       |       |    36 ||    36
       Swamp dragon scal |       |       |       |    31 ||    31
Dodge: Dodged            |    70 |    68 |   215 |   490 ||   843
Block: Other             |    23 |    78 |   182 |   269 ||   552
